 Dungeon Crawl Stone Soup version 0.25.1-2-g60ff931df9 (webtiles) character file.

Game seed: 7144214105313777721

49 Martska the Chucker (level 3, -4/39 HPs)
             Began as an Ogre Hunter on Oct 17, 2020.
             Killed from afar by Natasha (5 damage)
             ... with a magic dart
             ... on level 2 of the Dungeon.
             The game lasted 00:01:57 (1754 turns).

Martska the Chucker (Ogre Hunter)                   Turns: 1754, Time: 00:01:58

Health: -4/39      AC:  3    Str: 17    XL:     3   Next: 77%
Magic:  3/3        EV: 10    Int: 12    God:
Gold:   24         SH:  0    Dex:  9    Spells: 2/2 levels left

rFire    . . .     SeeInvis .   o - +0 mace
rCold    . . .     Gourm    .   (no shield)
rNeg     . . .     Faith    .   b - +0 robe
rPois    .         Spirit   .   (helmet restricted)
rElec    .         Reflect  .   (no cloak)
rCorr    .         Harm     .   (gloves unavailable)
MR       .....                  (boots unavailable)
Stlth    +.........             (no amulet)
HPRegen  0.13/turn              (no ring)
MPRegen  0.08/turn              (no ring)

@: no status effects
A: large, unfitting armour, tough skin 1
a: no special abilities


You were on level 2 of the Dungeon.
You were not hungry.

You visited 1 branch of the dungeon, and saw 2 of its levels.

You collected 24 gold pieces.

Inventory:

Hand Weapons
 e - a +0 club
 h - a +0 whip
 o - a +0 mace (weapon)
Missiles
 c - 5 large rocks (quivered)
 d - 3 throwing nets
Armour
 b - a +0 robe (worn)
 n - +0 ice dragon scales
Scrolls
 g - a scroll of immolation {unknown}
 j - a scroll of fog {unknown}
 k - a scroll of remove curse {unknown}
 l - 2 scrolls of teleportation {unknown}
Potions
 i - a potion of curing {unknown}
 m - a potion of lignification {unknown}
Comestibles
 a - a chunk of flesh
 f - 2 rations


   Skills:
 * Level 3.8 Fighting
 * Level 1.1 Maces & Flails
 * Level 4.5 Throwing
 - Level 2.0 Dodging
 - Level 0.6 Stealth


You had 2 spell levels left.
You didn't know any spells.
Your spell library was empty.

Dungeon Overview and Level Annotations

Branches:
Dungeon (2/15)

Altars:

Annotations:
D:2 Natasha


Innate Abilities, Weirdness & Mutations

You are too large for most types of armour.
You have tough skin. (AC +1)


Message History

The frilled lizard bites you but does no damage.
The orc wizard hits you with a +0 dagger.
* * * LOW HITPOINT WARNING * * *
The orc hits you but does no damage.
You hit the orc wizard.
The orc wizard is severely wounded.
Natasha mumbles some strange words.
Natasha shimmers violently.
Natasha casts a spell at you. You resist with some effort.
The frilled lizard barely misses you.
The orc wizard hits you but does no damage.
The orc hits you with a +0 hand axe.
* * * LOW HITPOINT WARNING * * *
You hit the orc wizard but do no damage.
The orc wizard is severely wounded.
Natasha closely misses you. The frilled lizard closely misses you.
The orc wizard misses you. The orc hits you but does no damage.
Natasha stares at you and mumbles some strange words.
The magic dart hits you.
You die...

#... #.. ...# . .##..
...# #...... ##..#
#..#.#..##...# #
#5#......#...# #. ##....
#<[..# #.#
.#..#..####...# ..#
.........##ol.# ..##
.....#....o@h###### ..#
...
###.#........#####.#### .
.........................
#####..#.........#.......
#..#.........#.......
##.#.........#......#
............#......#
##..........#......+
#..........#.>....#


You could see an orc wizard, Natasha, an orc and a frilled lizard.

Vanquished Creatures
  An adder (D:2)
  A dart slug (D:2)
  5 leopard geckos
  2 orcs (D:1)
  2 hobgoblins (D:1)
  3 jackals (D:1)
  A quokka (D:1)
  2 frilled lizards (D:1)
  2 goblins (D:1)
  8 kobolds (D:1)
  3 rats (D:1)
30 creatures vanquished.

Vanquished Creatures (others)
  A plant (D:1)
1 creature vanquished.

Grand Total: 31 creatures vanquished

Notes
Turn   | Place    | Note
-------+----------+-------------------------------------------
     0 | D:1      | Martska the Ogre Hunter began the quest for the Orb.
     0 | D:1      | Reached XP level 1. HP: 22/22 MP: 1/1
   494 | D:1      | Reached XP level 2. HP: 31/31 MP: 2/2
   972 | D:1      | Reached XP level 3. HP: 25/37 MP: 3/3
  1258 | D:1      | You fall into a shaft and drop 1 floor!
  1505 | D:2      | Reached skill level 1 in Maces & Flails
  1514 | D:2      | Noticed Natasha
  1753 | D:2      | HP: 1/39 [orc/+0 hand axe (4)]
  1754 | D:2      | Killed from afar by Natasha

Illustrated notes

Levels and vault maps discovered:
D:1:      sevenhm_arrival_forest_fort_large_4, layout_basic,
          lexackson_kobold_supper
D:2:      layout_rooms, gammafunk_temple_overflow_statue,
          nicolae_overflow_crystal_walls, chequers_ecumenical_altar_island,
          uniq_natasha

Skill      XL: |  1  2  3 |
---------------+----------+-----
Fighting       | 3 |  3.8
Dodging        | 2 |  2.0
Maces & Flails | 1 |  1.1
Throwing       | |  4.5
Stealth        | |  0.6

Action                   || total
-------------------------++-------
Melee: Short sword       ||    37
       Whip              ||    81
       Mace              ||    13
 Stab: Sleeping          ||     1
  Eat: Chunk             ||     3
Armor: Robe              ||    35
Dodge: Dodged            ||    78
